 Dungeon Crawl Stone Soup version 0.22-a0-369-gc73351f (webtiles) character file.

532078 Serpenta the Tortoise (level 24, -16/204 HPs)
             Began as a Mummy Chaos Knight on Apr 23, 2018.
             Killed from afar by a quicksilver dragon (20 damage)
             ... with a bolt of dispelling energy
             ... on level 5 of the Vaults on Apr 24, 2018.
             The game lasted 03:36:33 (84850 turns).

Serpenta the Tortoise (Mummy Chaos Knight)         Turns: 84850, Time: 03:36:33

Health: -16/204    AC: 47    Str: 25    XL:     24   Next: 99%
Magic:  32/32      EV: 10    Int: 12    God:    Xom [......]
Gold:   3045       SH:  8    Dex: 10    Spells: 26/32 levels left

rFire    + + .     SeeInvis +   a - +5 eveningstar (flame)
rCold    + + .     Gourm    .   v - +1 buckler {AC+3}
rNeg     + + +     Faith    .   A - +8 crystal plate armour
rPois    ∞         Spirit   .   j - -2 hat of the Alchemist {rElec rPois rF+ rC+ rN+ MR+ rMut rCorr}
rElec    +         Reflect  .   T - +1 cloak
rCorr    +         Harm     .   N - +0 pair of gloves {Str+3}
rMut     +                      U - +2 pair of boots
MR       ++++.                  x - amulet of regeneration
Stlth    ..........             f - +3 ring of protection
HPRegen  0.44/turn              K - ring "Bapn" {rF++ Dex-5 Slay+2 SInv Stlth+}
MPRegen  0.23/turn

@: very slightly contaminated, studying 2 skills
A: no food or potions, fire vulnerability, cold resistance 1, negative energy
resistance 3, torment resistance, unbreathing, in touch with death 1
}: 2/15 runes: decaying, serpentine
a: Renounce Religion


You were on level 5 of the Vaults.
You worshipped Xom.
You were a very special plaything of Xom.
You were not hungry.

You visited 9 branches of the dungeon, and saw 47 of its levels.
You visited the Abyss 1 time.
You also visited: Labyrinth, Trove and Wizlab.

You collected 6166 gold pieces.
You spent 3121 gold pieces at shops.


Innate Abilities, Weirdness & Mutations

You do not eat or drink.
Your flesh is vulnerable to fire.
You are immune to poison.
Your flesh is cold resistant. (rC+)
You are immune to negative energy. (rN+++)
You are immune to unholy pain and torment.
You can survive without breathing.
You are in touch with the powers of death.


   Skills:
 - Level 20.0 Fighting
 + Level 16.5(17.1) Maces & Flails
 - Level 7.8(13.2) Staves
 - Level 20.0 Armour
 - Level 10.0 Dodging
 - Level 15.0 Shields
 - Level 4.8 Spellcasting
 - Level 3.3 Charms
 - Level 12.0 Evocations


You had 26 spell levels left.
You knew the following spells:

 Your Spells              Type           Power        Failure   Level  Hunger
a - Apportation           Tloc           #.....       97%         1    N/A
s - Swiftness             Chrm/Air       #.......     93%         2    N/A
A - Lesser Beckoning      Tloc           #.........   100%        3    N/A

Action                   |  1- 3 |  4- 6 |  7- 9 | 10-12 | 13-15 | 16-18 | 19-21 | 22-24 || total
-------------------------+-------+-------+-------+-------+-------+-------+-------+-------++-------
Melee: Mace              |   100 |   118 |   513 |       |       |       |       |       ||   731
       Morningstar       |       |       |    36 |   312 |       |       |       |       ||   348
       Dire flail        |       |       |       |   674 |  1916 |   474 |       |       ||  3064
       Staff             |       |       |       |       |       |  1687 |   264 |       ||  1951
       Great mace        |       |       |       |       |       |    16 |       |       ||    16
       Eveningstar       |       |       |       |       |       |       |  2134 |  2141 ||  4275
       Demon whip        |       |       |       |       |       |       |   563 |   228 ||   791
Throw: Tomahawk          |       |       |    12 |     3 |       |       |       |       ||    15
       Javelin           |       |       |       |       |    14 |    15 |     1 |       ||    30
 Abil: Evoke Blink       |       |       |       |       |       |       |       |     1 ||     1
Evoke: Wand              |       |       |     7 |    37 |    51 |    63 |     4 |    24 ||   186
       Phial of floods   |       |       |       |       |     2 |     2 |     2 |       ||     6
       Box of beasts     |       |       |       |       |     1 |       |       |       ||     1
       Lamp of fire      |       |       |       |       |       |     2 |     5 |     8 ||    15
       Lightning rod     |       |       |       |       |       |       |     7 |     4 ||    11
  Use: Scroll            |     2 |     6 |     2 |     6 |    15 |    10 |    24 |    28 ||    93
 Stab: Petrified         |       |     1 |       |       |     9 |       |       |       ||    10
       Confused          |       |     1 |       |       |     7 |     3 |    11 |    14 ||    36
       Paralysed         |       |       |       |    29 |    10 |    11 |     4 |    14 ||    68
       Distracted        |       |       |       |     1 |     2 |     4 |     2 |     1 ||    10
       Petrifying        |       |       |       |     1 |     1 |       |       |       ||     2
       Invisible         |       |       |       |       |     3 |     2 |     9 |       ||    14
       Sleeping          |       |       |       |       |       |       |     1 |       ||     1
Armor: Leather armour    |    29 |       |       |       |       |       |       |       ||    29
       Plate armour      |    30 |    87 |   494 |   531 |   955 |  1227 |   117 |       ||  3441
       Crystal plate arm |       |       |       |       |       |       |  1469 |   849 ||  2318
Dodge: Dodged            |    49 |    40 |   131 |   208 |   402 |   507 |   559 |   249 ||  2145
Block: Other             |       |       |       |       |    53 |    93 |     9 |       ||   155
       Reflection        |       |       |       |       |     2 |     2 |     7 |   131 ||   142
       Shield            |       |       |       |       |       |       |  1377 |  1991 ||  3368
       Buckler           |       |       |       |       |       |       |       |   111 ||   111

Inventory:

Hand Weapons
 a - a +5 eveningstar of flaming (weapon)
 D - a +5 demon whip of flaming
 V - the +7 lajatang of Order {silver, rMut}
   (You took it off a deep elf sorcerer on level 3 of the Elven Halls)

   It protects you from mutation.
Missiles
 E - 36 javelins (quivered)
Armour
 c - a +2 helmet
 j - the -2 hat of the Alchemist (worn) {rElec rPois rF+ rC+ rN+ MR+ rMut rCorr}
   (You found it in a wizard's laboratory)

   It protects you from fire.
   It protects you from cold.
   It insulates you from electricity.
   It protects you from poison.
   It protects you from negative energy.
   It affects your resistance to hostile enchantments.
   It protects you from acid and corrosion.
   It protects you from mutation.
 v - a +1 buckler of protection (worn)
 y - a +2 pair of boots
 A - a +8 crystal plate armour (worn)
 N - a +0 pair of gloves of strength (worn)
 R - a scarf of resistance {god gift}
 T - a +1 cloak (worn)
 U - a +2 pair of boots (worn)
 Y - the +18 shield of the Gong {rElec rN+ MR+ EV-5}
   (You found it on level 1 of the Depths)

   It affects your evasion (-5).
   It insulates you from electricity.
   It protects you from negative energy.
   It affects your resistance to hostile enchantments.
Jewellery
 f - a +3 ring of protection (left hand)
 k - an uncursed amulet of guardian spirit
 n - an uncursed ring of teleportation
 q - a +2 amulet of reflection
 u - the ring "Zuxzerib" {+Blink rC+ Str-2 Int+3 Dex+3}
   (You found it in a treasure trove)

   [ring of intelligence]

   It affects your strength (-2).
   It affects your intelligence (+3).
   It affects your dexterity (+3).
   It protects you from cold.
   It lets you blink.
 x - an amulet of regeneration (around neck)
 z - the ring "Ytog" {rCorr Str-3 Dex+4}
   (You found it in a treasure trove)

   [ring of resist corrosion]

   It affects your strength (-3).
   It affects your dexterity (+4).
 B - a +3 ring of evasion
 G - an uncursed ring of flight
 K - the ring "Bapn" (right hand) {rF++ Dex-5 Slay+2 SInv Stlth+}
   (You bought it in a shop on level 5 of the Dungeon)

   [ring of stealth]

   It affects your dexterity (-5).
   It affects your accuracy and damage with ranged weapons and melee attacks
   (+2).
   It greatly protects you from fire.
   It lets you see invisible.
   It makes you more stealthy.
 M - an uncursed ring of protection from cold
 S - the ring of Zuimnaor {+Inv rElec rF+ rN+ MR+}
   (You found it on level 3 of the Crypt)

   [ring of positive energy]

   It protects you from fire.
   It insulates you from electricity.
   It protects you from negative energy.
   It affects your resistance to hostile enchantments.
   It lets you turn invisible.
Wands
 r - a wand of clouds (4)
 s - a wand of digging (43)
 C - a wand of flame (113)
 H - a wand of polymorph (66)
 O - a wand of paralysis (35)
 P - a wand of iceblast (47)
 Q - a wand of acid (28)
 W - a wand of scattershot (5)
Scrolls
 b - 2 scrolls of teleportation
 e - 2 scrolls of summoning
 h - 12 scrolls of remove curse
 i - 10 scrolls of magic mapping
 l - 25 scrolls of identify
 o - 2 scrolls of silence
 p - 7 scrolls of amnesia
 w - 12 scrolls of fear
 L - 5 scrolls of immolation
Books
 t - a manual of Throwing
 X - a manual of Spellcasting
Miscellaneous
 g - 2 sacks of spiders
 m - a lightning rod (3/4)
 F - a phial of floods
 I - a fan of gales
 J - a lamp of fire (inert)

#.)#TTp#..#
#.)..))...#
######))..#
......†...#
..........#
.......(#
........#
######....#
...p...@..#
...D...#..#
.......#.(#
#####..#..#
#..#..#
'..#..#
!#..#p.#
##..#..#
#..#


You could see a quicksilver dragon and 2 vault guards.

Vanquished Creatures
  Mara (Elf:3)
  2 ancient liches
  Boris (thrice) (Crypt:1 Crypt:2 Depths:3)
  Xtahua (Vaults:3)
  Bai Suzhen (Crypt:1)
  Saint Roka (Crypt:1)
  2 golden dragons
  Nikola (Vaults:1)
  2 bone dragons
  An iron giant (Depths:3)
  3 liches
  2 tentacled monstrosities
  An Ice Fiend (Lair:5)
  2 deep elf blademasters (Elf:3)
  Asterion (Elf:3)
  A titan (Depths:3)
  2 deep elf master archers (Elf:3)
  4 sphinxes
  The ghost of zero the Intangible, an adept SpEn of Dithmenos (Vaults:3)
  Gastronok (D:8)
  5 thorn hunters
  2 ancient champions (Crypt:2)
  An Executioner (Abyss:4)
  3 tentacled starspawn (Abyss:4)
  3 tengu reavers
  6 storm dragons
  Kirke (D:12)
  Agnes (Snake:2)
  Donald (Elf:2)
  3 revenants
  10 nagarajas
  3 shadow dragons
  6 fire giants
  6 frost giants
  12 vault wardens
  A balrug (Depths:3)
  2 draconian scorchers (Depths:5)
  2 deep elf sorcerers (Elf:3)
  2 iron dragons
  A curse skull (Crypt:1)
  2 ghouls
  Aizul (Snake:2)
  5 war gargoyles
  A draconian annihilator (Depths:5)
  10 ironheart preservers
  A caustic shrike skeleton (Crypt:2)
  7 deep elf elementalists
  25 very ugly things
  A spriggan defender (Depths:3)
  7 vampire knights
  2 entropy weavers
  6 deep elf demonologists
  14 stone giants
  A minotaur (Lab)
  8 spark wasps
  A minotaur (shapeshifter) (Lair:5)
  2 deep elf annihilators (Elf:3)
  3 red draconians (Depths:5)
  2 black draconians (Depths:5)
  A white draconian (Depths:5)
  A mummy priest (Crypt:2)
  10 fire dragons
  3 crystal guardians (Crypt:3)
  7 deep elf death magi
  11 ettins
  7 jiangshi
  9 great orbs of eyes
  A deep elf high priest (Elf:3)
  A monstrous demonspawn (Depths:3)
  15 yaktaur captains
  Josephine (D:12)
  A hell beast (Depths:2)
  18 ice dragons
  4 spriggan air magi
  A rakshasa (Depths:3)
  11 naga warriors
  18 vault guards
  24 hydras
  5 catoblepae
  A ghost crab (Swamp:3)
  11 centaur warriors
  5 anacondas
  A death knight (Crypt:2)
  A queen ant (shapeshifter) (Vaults:2)
  Erica (D:11)
  2 queen ants
  38 two-headed ogres
  9 alligators
  11 ogre magi
  6 deep troll earth magi
  4 vampire magi
  16 death yaks
  7 shock serpents
  5 spriggan berserkers (Depths:3)
  2 tengu warriors (Depths:1)
  A deep troll shaman (Vaults:1)
  21 dancing weapons
  An orc high priest (Orc:1)
  A soul eater (Depths:5)
  22 hell knights
  13 naga sharpshooters
  Nergalle (Lair:2)
  A titan skeleton (Depths:5)
  16 deep elf knights
  An iron golem (WizLab)
  A storm dragon zombie (Crypt:2)
  A wretched star (Abyss:4)
  2 storm dragon skeletons
  The ghost of Feta the Blocker, a novice HOFi of Qazlal (D:7)
  4 swamp dragons
  A salamander mystic (Snake:3)
  41 skeletal warriors
  A quicksilver dragon simulacrum (Crypt:1)
  A sixfirhy (Depths:3)
  A sea snake (shapeshifter) (WizLab)
  A shadow wraith (Vaults:3)
  An iron troll (Depths:2)
  A shadow dragon zombie (Crypt:3)
  2 golden dragon zombies
  8 naga ritualists
  8 flayed ghosts
  2 spriggan druids
  24 deep trolls
  6 wizards
  2 starcursed masses (Abyss:4)
  17 deep elf archers
  An orange crystal statue (Depths:1)
  2 anaconda skeletons
  3 ironbrand convokers
  2 shambling mangroves
  3 unseen horrors
  2 lindwurms (shapeshifter)
  13 orc knights
  16 necromancers
  An oklob plant (Lair:6)
  5 phantasmal warriors
  4 harpies (Vaults:3)
  An iron dragon zombie (Depths:5)
  Pikel (D:8)
  52 deep elf magi
  9 mana vipers
  3 orc sorcerers
  A frost giant zombie (Crypt:2)
  2 orb spiders (shapeshifter) (WizLab)
  6 wolf spiders
  2 stone giant zombies (Crypt:3)
  6 cyclopes
  A moth of wrath (Depths:1)
  49 ugly things
  2 salamanders (shapeshifter) (WizLab)
  9 vault sentinels
  An iron dragon skeleton (Depths:5)
  A moth of wrath (shapeshifter) (WizLab)
  4 salamanders
  4 elephants
  A dire elephant zombie (Crypt:3)
  5 manticores
  25 black mambas
  A stone giant skeleton (Crypt:3)
  A water nymph (Depths:1)
  26 naga magi
  4 frost giant skeletons
  A dire elephant skeleton (Crypt:3)
  2 torpor snails
  2 orange demons (Depths:3)
  A fire giant skeleton (Crypt:1)
  8 spiny frogs
  2 gargoyles
  A guardian serpent (shapeshifter) (WizLab)
  2 smoke demons (Abyss:4)
  A yaktaur zombie (Vaults:2)
  A spiny frog (shapeshifter) (Vaults:3)
  8 komodo dragons
  A rime drake (Lair:4)
  56 yaktaurs
  5 freezing wraiths
  A rime drake (shapeshifter) (Vaults:3)
  A catoblepas skeleton (Crypt:1)
  3 efreet
  4 trolls
  3 ancient zymes (Abyss:4)
  3 tengu conjurers
  A red devil (Depths:2)
  2 jumping spiders (shapeshifter)
  15 large abominations
  2 trolls (shapeshifter) (WizLab)
  A hydra zombie (Crypt:2)
  A queen bee (shapeshifter) (Vaults:4)
  A merfolk (Orc:1)
  A jumping spider (Vaults:2)
  A meliai (shapeshifter) (WizLab)
  A wind drake (shapeshifter) (WizLab)
  A wind drake (Orc:2)
  A harpy skeleton (Crypt:1)
  3 meliai (D:15)
  3 hornets (shapeshifter) (WizLab)
  13 bog bodies
  9 tyrant leeches
  3 polar bears
  7 hippogriffs
  A hippogriff (shapeshifter) (Vaults:4)
  11 blink frogs
  8 hornets
  3 hydra skeletons (Crypt:3)
  An ettin zombie (Crypt:1)
  3 fire dragon zombies
  A meliai zombie (D:14)
  45 slime creatures
  3 human simulacra (Vaults:2)
  A snapping turtle (Lair:4)
  27 flying skulls
  A spriggan (shapeshifter) (WizLab)
  7 spriggans
  A shadow (D:12)
  A shapeshifter (Snake:4)
  2 fire dragon skeletons (Crypt:2)
  A tarantella (shapeshifter) (WizLab)
  A hog (shapeshifter) (WizLab)
  A vampire (D:15)
  7 wraiths
  5 air elementals
  3 wyverns
  Sigmund (D:5)
  2 ettin skeletons
  2 redbacks
  55 yaks
  7 water elementals
  16 humans
  2 hogs (D:12)
  4 basilisks
  A human (shapeshifter) (Vaults:4)
  A tarantella (Lair:2)
  2 basilisks (shapeshifter) (WizLab)
  A hungry ghost (D:11)
  A chaos spawn (Depths:4)
  4 fire elementals
  6 vampire mosquitoes (Swamp:3)
  9 wargs
  18 insubstantial wisps
  Menkaure (D:5)
  A swamp worm (shapeshifter) (Depths:5)
  A two-headed ogre zombie (Crypt:1)
  16 swamp worms
  A soldier ant (D:13)
  2 acid dragons
  31 nagas
  6 porcupines
  6 water moccasins
  4 floating eyes (WizLab)
  A floating eye (shapeshifter) (WizLab)
  30 orc warriors
  3 slaves (D:8)
  2 black bears (shapeshifter)
  3 ice beasts
  2 sky beasts
  An ettin simulacrum (Vaults:2)
  4 eyes of draining
  15 swamp drakes
  5 black bears
  3 eyes of draining (shapeshifter) (WizLab)
  8 necrophages
  49 ogres
  17 boggarts
  36 centaurs
  A wolf (shapeshifter) (WizLab)
  A crocodile (shapeshifter) (Swamp:3)
  14 crocodiles
  A salamander zombie (Crypt:1)
  3 earth elementals
  16 bullfrogs
  A glowing shapeshifter simulacrum (Vaults:2)
  A warg zombie (Crypt:1)
  A wyvern skeleton (D:10)
  4 scorpions
  10 small abominations
  13 killer bees
  9 wights
  4 howler monkeys
  4 electric eels (Elf:3)
  A spriggan skeleton (Crypt:1)
  4 crimson imps
  6 centaur zombies
  A quasit (D:7)
  8 hounds
  A jelly (shapeshifter) (Depths:2)
  6 jellies
  17 orc priests
  A human zombie (Crypt:1)
  5 bullfrog skeletons
  20 orc wizards
  3 centaur skeletons
  A black bear skeleton (Crypt:1)
  6 iguanas
  14 worker ants
  A naga skeleton (Crypt:1)
  A tengu skeleton (Crypt:1)
  8 gnolls
  10 adders
  A howler monkey skeleton (Crypt:1)
  A swamp drake skeleton (Crypt:1)
  5 shadow imps
  An ooze (Lair:6)
  2 adder zombies
  A worm (D:2)
  2 dart slugs (D:3)
  6 leopard geckos
  81 orcs
  2 giant cockroaches
  6 goblins
  3 hobgoblins
  17 jackals
  4 kobolds
  9 quokkas
  3 ball pythons
  A ball python zombie (Crypt:2)
  3 bats
  A frilled lizard (shapeshifter) (WizLab)
  3 frilled lizards
  A hobgoblin skeleton (Crypt:2)
  A jackal zombie (D:5)
  A leopard gecko skeleton (D:5)
  A quokka skeleton (D:6)
  A quokka zombie (D:8)
  5 rats
  A briar patch (Swamp:4)
  A crawling corpse (Elf:3)
  A fungus (D:5)
  A plant (Elf:2)
  A starspawn tentacle (Abyss:4)
1995 creatures vanquished.

Vanquished Creatures (collateral kills)
  Frederick (Vaults:4)
  A mutant beast (WizLab)
  Jorgrun (Crypt:2)
  A shadow dragon (Depths:3)
  A storm dragon (Vaults:5)
  A tengu reaver (Depths:5)
  A fire giant (D:15)
  A deep elf sorcerer (Elf:3)
  A very ugly thing (WizLab)
  A fire dragon (Depths:5)
  A deep elf high priest (Elf:3)
  4 two-headed ogres (Orc:2)
  3 dancing weapons
  A spriggan berserker (Depths:3)
  2 spriggans
  2 skeletal warriors (Crypt:2)
  A hell knight (Depths:3)
  An ironbrand convoker (Vaults:5)
  A swamp dragon (Swamp:4)
  2 deep elf magi (Elf:3)
  An orc sorcerer (Vaults:5)
  A salamander (Snake:3)
  A large abomination (Abyss:4)
  A black mamba (Snake:3)
  5 yaktaurs
  2 freezing wraiths
  A tyrant leech (Swamp:4)
  2 hornets
  4 blink frogs
  A yak (Lair:4)
  A warg (Vaults:5)
  5 orc warriors
  A phantom (D:4)
  A swamp drake (Swamp:4)
  4 ogres
  2 bullfrogs (D:14)
  A crimson imp (D:7)
  An orc priest (Orc:1)
  A bullfrog skeleton (Crypt:2)
  4 orc wizards
  A worm (D:5)
  9 orcs
  A kobold (D:3)
  A quokka (D:9)
  A bat (D:3)
81 creatures vanquished.

Vanquished Creatures (others)
  2 ghouls
  A very ugly thing (Vaults:5)
  A merfolk javelineer (Depths:4)
  A jiangshi (Crypt:2)
  3 yaktaur captains
  8 dancing weapons
  A deep elf knight (Elf:1)
  2 large abominations (WizLab)
  An unseen horror (Depths:4)
  2 deep elf archers (Elf:3)
  An ironbrand convoker (Vaults:5)
  2 deep elf magi
  An orc knight (Vaults:1)
  An ugly thing (Depths:2)
  A salamander (Snake:3)
  A naga mage (Snake:1)
  6 yaktaurs
  A spriggan (Swamp:3)
  A yak (Lair:4)
  2 humans (D:13)
  A swamp worm (Swamp:3)
  2 nagas (Snake:4)
  A boggart (Vaults:3)
  2 centaurs (Depths:1)
  A small abomination (Depths:4)
  2 orc wizards (D:5)
  2 orcs
  3 briar patches (Swamp:4)
  3 bushes (Lair:6)
  9 fungi
  19 plants
  11 starspawn tentacles (Abyss:4)
95 creatures vanquished.

Grand Total: 2171 creatures vanquished

Vault maps used:
D:1:      mushboom_english_gardens, serial_glass, glass_columns_b,
          glass_columns_c, glass_columns_b, glass_columns_a, glass_columns_a
D:2:      cheibriados_altar_1, first_ration
D:4:      minmay_temple_entry_purple_smoke, grunt_decor_fettered
D:5:      lemuel_ice_spiral_2, fedhas_altar_3, led_sif_pool, serial_shops,
          kennysheep_mini_moat, st_stairs_3, uniq_menkaure, uniq_sigmund
D:6:      nicolae_qazlal_style_of_elements, nicolae_overflow_crystal_walls,
          serial_shops, nicolae_shop_crystal, minmay_hollow_rounded_squares
D:7:      overflow_temple_1_default, kennysheep_mini, the_bakery
D:8:      uniq_gastronok, uniq_pikel
D:9:      serial_shops, shop
D:10:     lair_entry_dummy, minmay_orc_entry_temple_small
D:11:     uniq_erica
D:12:     minmay_misc_feat_alley, roderic_malta_cross, uniq_josephine
D:13:     kennysheep_decorative_pillar, uniq_kirke
D:14:     david_vaults_3, serial_shops, nicolae_shop_behind_doors,
          wad_floor_pattern_2
D:15:     grunt_enter_depths_giant_problem, hangedman_abyss_or_decor_stabs
Lair:1:   grunt_megastairs_4
Lair:2:   swamp_mist, lab_entry_generic, beast_lair_carwin_3, uniq_nergalle
Lair:4:   guppyfry_snake_entry_garden, grunt_megastairs_1
Lair:5:   infiniplex_staircase_pool_2
Lair:6:   evilmike_catoblepas_cave, slime_altar_2
Swamp:1:  evilmike_swamp_ruin_rubble_2
Swamp:2:  evilmike_swamp_ruin_house_3
Swamp:3:  nicolae_swamp_little_tower, nicolae_swamp_trees_clearing
Swamp:4:  swamp_basic_johnstein, swamp_pool5
Snake:1:  special_room, grunt_ministairs_15, guppyfry_library_mini
Snake:2:  uniq_agnes, uniq_aizul
Snake:4:  snake_pit, nicolae_snake_linked_coils
Orc:1:    uniq_urug
Orc:2:    st_orc_ogre_mass
Elf:1:    eino_elf_arrival_shootout, serial_shops, shop, minivault_28,
          minmay_misc_feat_five
Elf:2:    serial_shops, shop, minivault_16, uniq_donald
Elf:3:    elf_hall_gauntlet_wide, basic_altar, hex_tiny, chequers_big_river,
          spider_trap, st_stairs_8, uniq_asterion, uniq_mara
Vaults:1: nicolae_vaults_little_ls, vaults_room_boxed,
          ontoclasm_vaults_shuriken, hangedman_vaults_capsules,
          nicolae_vaults_network_barrier, nicolae_vaults_theta, v_rooms_3,
          vaults_room_semicircle, hangedman_vaults_cutoff,
          hangedman_vaults_maws, uniq_nikola
Vaults:2: v_pattern_3, hangedman_vaults_impose, v_misc_22, kb_rosetta,
          nicolae_vaults_little_squares_6, nicolae_vaults_little_squares_1,
          vaults_dpeg_hooks, nicolae_vaults_big_angled_halls,
          grunt_vaults_hallway_short, nicolae_vaults_rhombus_5,
          nicolae_vaults_what_the_h, hangedman_vaults_maws,
          nicolae_vaults_inception_scallops, grunt_vaults_focal,
          nicolae_vaults_network_s
Vaults:3: minmay_crypt_entry_nasty_monster, v_alt_pattern_3, v_misc_25,
          nicolae_vaults_diagonal_hallway_9, v_alt_pattern_6, v_misc_14,
          v_misc_12, vaults_mumra_chevron, vaults_room_pools,
          hangedman_vaults_slice, basic_altar, lightli_enter_wizlab_magi_temple,
          uniq_xtahua
Vaults:4: v_alt_pattern_3, vaults_mumra_minichess, v_misc_5,
          hangedman_vaults_locks, vaults_room_door_hall,
          ontoclasm_vaults_bender, ontoclasm_vaults_idyll,
          ontoclasm_vaults_chip, enter_trove_2, uniq_frederick
Vaults:5: serial_shops, uniq_mennas
Crypt:1:  grunt_crypt_arrival_split, uniq_bai_suzhen, uniq_boris,
          uniq_saint_roka
Crypt:2:  st_stairs_11, hangedman_crypt_dual_shrines, uniq_jorgrun, uniq_boris
Crypt:3:  cryptofortress_bobbens
Depths:1: abyss_entry, minmay_misc_feat_four_crosses, pf_hell_entry_tar_spiral,
          minmay_st_funbox, minmay_misc_feat_tiny, minivault_16,
          serial_bayou_crossing, grunt_megastairs_3
Depths:2: kennysheep_spiral_hall, grunt_mini_vestibule,
          infiniplex_staircase_zigzag_2
Depths:3: regret_index_qazlal_generations, enter_ziggurat_d,
          rand_demon_pan_entry_7, infiniplex_staircase_spiral, hell_entry,
          kennysheep_diamond, uniq_boris
Depths:4: minmay_curly_fans, minmay_room_of_horrors, hell_entry,
          basic_stair_grate_trap, kennysheep_random_hallway
Depths:5: grunt_zot_entry_hairpin, special_room, serial_shops, shop,
          old_standard_altar, hell_entry, serial_bayou_shore_a
Abyss:4:  hangedman_eye_storm, hangedman_abyss_rune_macabre_mess
Lab:      labyrinth_spiral, nicolae_lab_swirl, lab_hedge, nicolae_lab_diamond,
          nicolae_lab_flowing_pool, labyrinth_fake_exit, nicolae_lab_do_over
Trove:    trove_simple
WizLab:   wizlab_cigotuvi


Message History

The vault warden is engulfed in freezing vapours.
The vault warden shoots a bolt.
You block the bolt. Xom twists space around you.
Your surroundings suddenly seem different.
The vault guard shouts!
The titan shouts!
You hear a deafening roar!
The titan waves its arms in wide circles.
The air twists around and strikes you!
* * * LOW HITPOINT WARNING * * *
You hear a shout!
Blink to where?
Press: ? - help, Dir - move target cursor
As you read the scroll of blinking, it crumbles to dust.
You hear a shout! x2
The vault guard shouts!
The quicksilver dragon roars deafeningly!
You hear a shout!
The quicksilver dragon breathes dispelling energy at you.
The bolt of dispelling energy hits you!
You die...
Xom chortles!

Notes
Turn   | Place    | Note
-------+----------+-------------------------------------------
     0 | D:1      | Serpenta the Mummy Chaos Knight began the quest for the Orb.
     0 | D:1      | Reached XP level 1. HP: 18/18 MP: 1/1
   381 | D:1      | XOM: silly message
   394 | D:1      | Reached XP level 2. HP: 24/24 MP: 2/2
   682 | D:2      | Found a snail-covered altar of Cheibriados.
   714 | D:2      | XOM: harmless Necr miscast
   731 | D:2      | XOM: harmless Tloc miscast
  1083 | D:2      | XOM: cloud trail
  1483 | D:3      | Reached XP level 3. HP: 19/29 MP: 1/3
  1925 | D:3      | XOM: divination: detect items
  2108 | D:3      | Reached XP level 4. HP: 17/35 MP: 2/4
  2701 | D:4      | XOM: scenery: create altars
  2706 | D:4      | Reached XP level 5. HP: 41/41 MP: 5/5
  2961 | D:4      | Found a staircase to the Ecumenical Temple.
  3133 | D:4      | Noticed an ogre
  3137 | D:4      | XOM: confuse monster(s)
  3158 | D:3      | XOM: scenery: create altars
  3249 | D:4      | Noticed a phantom
  3251 | D:4      | XOM: summons 5 friendly demons
  3265 | D:4      | Killed a phantom
  3265 | D:4      | Reached XP level 6. HP: 42/47 MP: 4/6
  3382 | D:4      | XOM: summons friendly crimson imp
  3549 | D:5      | Entered Level 5 of the Dungeon
  3642 | D:4      | XOM: harmless Chrm miscast
  3661 | D:5      | Found Gokkopni's Jewellery Emporium.
  3670 | D:5      | Reached skill level 5 in Maces & Flails
  3722 | D:5      | XOM: summons 2 friendly demons
  3799 | D:5      | Noticed Sigmund
  3800 | D:5      | XOM: divination: magic mapping
  3913 | D:5      | Reached XP level 7. HP: 36/52 MP: 4/7
  4260 | D:5      | Found a blossoming altar of Fedhas.
  4649 | D:7      | Noticed Feta's ghost (novice HOFi)
  4657 | D:7      | XOM: summons 6 friendly demons
  4675 | D:7      | XOM: summons friendly white imp
  4677 | D:7      | XOM: summons 2 friendly demons
  4792 | D:5      | Killed Sigmund
  4792 | D:5      | Reached XP level 8. HP: 45/61 MP: 5/8
  4864 | D:5      | XOM: summons 4 hostile demons
  5040 | D:5      | XOM: summons 3 hostile shadow creatures
  5155 | D:5      | Noticed Menkaure
  5164 | D:5      | Killed Menkaure
  5164 | D:5      | Reached skill level 5 in Fighting
  5337 | D:5      | Found a deep blue altar of Sif Muna.
  5416 | D:6      | Found a stormy altar of Qazlal.
  5419 | D:6      | Noticed an air elemental
  5473 | D:6      | Found a hazy altar of Hepliaklqana.
  5594 | D:6      | Found a large runed door.
  5594 | D:6      | Found a large runed door.
  5676 | D:6      | XOM: scenery: create altars
  5777 | D:6      | Found a large runed door.
  5777 | D:6      | Found a large runed door.
  5841 | D:6      | XOM: confuse monster(s)
  5854 | D:6      | XOM: scenery: 2 doors open
  5861 | D:6      | Noticed a six-headed hydra
  6009 | D:6      | XOM: cleaving
  6118 | D:6      | Found Oleigo's General Store.
  6122 | D:6      | Bought a wand of polymorph (13) for 180 gold pieces
  6174 | D:6      | XOM: fog
  6178 | D:6      | Reached skill level 1 in Evocations
  6277 | D:6      | XOM: scenery: create altars
  6358 | D:6      | Identified the Volume of Twisted Benedictions
  6393 | D:6      | Got a bone hand axe
  6394 | D:6      | Identified the +3 hand axe of Emierim {chop, rElec rN+ Dex+3} (You found it on level 6 of the Dungeon)
  6446 | D:6      | XOM: 5-stop teleportation journey
  6545 | D:7      | Reached XP level 9. HP: 66/71 MP: 9/11
  6583 | D:7      | XOM: mild Ice miscast
  6820 | D:7      | Found an ornate altar of the Wu Jian Council.
  6832 | D:7      | XOM: silly message
  7019 | D:7      | Found a basalt altar of Yredelemnul.
  7643 | D:7      | XOM: scenery: create altars
  7644 | D:7      | XOM: fog
  7665 | D:7      | Reached skill level 5 in Evocations
  7827 | D:8      | XOM: summons friendly crimson imp
  7852 | D:8      | XOM: cleaving
  7908 | D:8      | Noticed Gastronok
  7945 | D:8      | Noticed a two-headed ogre
  7961 | D:7      | XOM: potion effect (haste)
  8002 | D:7      | XOM: noise
  8005 | D:7      | Killed Feta's ghost
  8098 | D:8      | XOM: potion effect (experience)
  8098 | D:8      | Reached XP level 10. HP: 77/77 MP: 15/15
  8295 | D:8      | Noticed Pikel
  8312 | D:8      | Killed Pikel
  8312 | D:8      | Reached XP level 11. HP: 83/83 MP: 16/16
  8335 | D:8      | XOM: silly message
  8478 | D:8      | XOM: summons 6 friendly demons
  8494 | D:8      | XOM: cast spell 'Dispersal'
  8503 | D:8      | Killed a two-headed ogre
  8854 | D:9      | XOM: divination: detect creatures
  8877 | D:9      | XOM: divination: detect items
  9255 | D:9      | XOM: summons 5 friendly demons
  9473 | D:9      | Found Houxeh's General Store.
  9528 | D:9      | XOM: cast spell 'Metabolic Englaciation'
  9829 | D:10     | Entered Level 10 of the Dungeon
  9890 | D:10     | XOM: god gift: scroll of noise {god gift}
 10054 | D:10     | Found a staircase to the Orcish Mines.
 10114 | D:10     | Found a staircase to the Lair.
 10365 | D:10     | XOM: summons friendly white imp
 10372 | D:10     | XOM: summons 2 friendly demons
 10684 | D:10     | XOM: 1-stop teleportation journey
 10800 | D:10     | Found a roughly hewn altar of Beogh.
 10870 | D:11     | Noticed Erica
 10929 | D:11     | XOM: divination: detect creatures
 10952 | D:10     | XOM: silly message
 11180 | D:11     | XOM: confusion (+ monsters)
 11181 | D:11     | XOM: blink monster(s)
 11340 | D:11     | XOM: severe Ice miscast
 11377 | D:11     | XOM: severe Necr miscast
 11501 | D:11     | XOM: summons 5 hostile demons
 11679 | D:12     | XOM: enchant monster (bad)
 11822 | D:12     | Noticed a skeletal warrior
 11833 | D:12     | XOM: divination: detect creatures
 11848 | D:12     | XOM: summons friendly white imp
 11926 | Lair:1   | Entered Level 1 of the Lair of Beasts
 12013 | Lair:1   | You fall through a shaft!
 12047 | Lair:2   | Found a labyrinth entrance.
 12056 | Lab      | Entered a labyrinth
 12125 | Lab      | Noticed a minotaur
 12144 | Lab      | Killed a minotaur
 12329 | Lair:2   | XOM: polymorph spiny frog -> tarantella
 12395 | Lair:2   | Found a staircase to the Swamp.
 12438 | Lair:2   | XOM: scenery: create altars
 12528 | Lair:2   | XOM: fog
 12599 | Lair:2   | XOM: potion effect (curing)
 12849 | Lair:2   | XOM: cast spell 'Alistair's Intoxication'
 12902 | Lair:1   | Noticed an eight-headed hydra
 12915 | Lair:2   | XOM: scenery: create altars
 12917 | Lair:2   | Reached XP level 12. HP: 77/89 MP: 15/17
 13180 | Lair:2   | XOM: cloud trail
 13206 | Lair:2   | XOM: harmless Fire miscast
 13328 | Lair:2   | Noticed Nergalle
 13336 | Lair:2   | XOM: summons friendly ufetubus
 13358 | Lair:2   | XOM: noise
 13392 | Lair:2   | Killed Nergalle
 13520 | Lair:2   | XOM: potion effect (haste)
 13526 | Lair:2   | XOM: enchant monster (good)
 13855 | Lair:1   | Killed an eight-headed hydra
 13924 | Lair:1   | XOM: divination: magic mapping
 14511 | Lair:3   | XOM: 5-stop teleportation journey
 14590 | Lair:3   | Noticed a seven-headed hydra
 14601 | Lair:3   | Killed a seven-headed hydra
 15046 | Lair:3   | XOM: smoke on damage
 15095 | Lair:2   | XOM: harmless Necr miscast
 15101 | Lair:3   | XOM: blink monster(s)
 15107 | Lair:3   | XOM: summons 3 friendly demons
 15693 | Lair:3   | XOM: god gift: box of beasts {god gift}
 15900 | D:5      | Bought the ring "Bapn" {rF++ Dex-5 Slay+2 SInv Stlth+} for 617 gold pieces
 16004 | D:10     | XOM: medium Chrm miscast
 16314 | Lair:4   | XOM: summons friendly white imp
 16326 | Lair:4   | XOM: summons friendly ufetubus
 16378 | Lair:3   | XOM: potion effect (might)
 16382 | Lair:3   | XOM: polymorph blink frog -> crocodile
 16446 | Lair:3   | XOM: severe Conj miscast
 16453 | Lair:3   | XOM: god gift: 17 sling bullets {god gift}
 16563 | Lair:4   | XOM: blink monster(s)
 16685 | Lair:4   | Noticed a death yak
 16693 | Lair:4   | XOM: harmless Summ miscast
 16699 | Lair:4   | Killed a death yak
 16700 | Lair:4   | Found a staircase to the Snake Pit.
 16703 | Lair:4   | Reached skill level 5 in Armour
 16978 | Lair:4   | XOM: summons 3 friendly demons
 16982 | Lair:4   | XOM: polymorph shadow imp -> white imp
 17004 | Lair:4   | XOM: polymorph yak -> snapping turtle
 17021 | Lair:4   | Gained mutation: You are in touch with the powers of death. [Mummy growth]
 17021 | Lair:4   | Reached XP level 13. HP: 84/96 MP: 17/19
 17063 | Lair:4   | XOM: enchant monster (good)
 17094 | Lair:4   | XOM: swap monsters
 17154 | Lair:4   | XOM: divine lightning
 17460 | Lair:4   | XOM: harmless Ice miscast
 17489 | Lair:4   | XOM: medium Erth miscast
 17491 | Lair:4   | XOM: noise
 17658 | Lair:5   | XOM: summons friendly white imp
 17761 | Lair:5   | XOM: blink monster(s)
 17908 | Lair:5   | XOM: harmless Pois miscast
 18104 | Lair:5   | XOM: confuse monster(s)
 18375 | Lair:5   | XOM: cast spell 'Discord'
 18382 | Lair:5   | XOM: enchant monster (good)
 18398 | Lair:5   | XOM: cleaving
 18402 | Lair:5   | XOM: destruction
 18636 | Lair:6   | Entered Level 6 of the Lair of Beasts
 18640 | Lair:5   | XOM: summons friendly rust devil
 18667 | Lair:5   | XOM: scenery: create altars
 18708 | Lair:5   | XOM: severe Summ miscast
 18709 | Lair:5   | Noticed an Ice Fiend
 18711 | Lair:5   | wow
 18845 | Lair:6   | XOM: summons 6 hostile demons
 19073 | Lair:6   | Noticed a storm dragon
 19073 | Lair:6   | a death yak changed into a storm dragon
 19073 | Lair:6   | XOM: polymorph death yak -> storm dragon
 19075 | Lair:6   | ....
 19077 | Lair:5   | wtf
 19077 | Lair:5   | why it is still here
 19168 | Orc:1    | Entered Level 1 of the Orcish Mines
 19169 | Orc:1    | Upgraded the game from 0.22-a0-368-g870eee8 to 0.22-a0-369-gc73351f
 19618 | Orc:1    | XOM: potion effect (heal wounds)
 19619 | Orc:1    | XOM: cast spell 'Discord'
 19836 | Orc:2    | Entered Level 2 of the Orcish Mines
 19840 | Orc:2    | XOM: divination: magic mapping
 19885 | Orc:2    | XOM: divination: detect items
 19886 | Orc:2    | Found a staircase to the Elven Halls.
 19887 | Orc:2    | XOM: enchant monster (good)
 20129 | Orc:1    | Noticed Urug
 20130 | Orc:1    | Noticed Urug
 20130 | Orc:1    | Urug changed into Urug the merfolk
 20139 | Orc:1    | Killed Urug the merfolk
 20363 | Orc:2    | XOM: confuse monster(s)
 20404 | Orc:2    | XOM: divination: detect items
 20405 | Orc:2    | XOM: divination: detect items
 20433 | Orc:1    | Reached skill level 10 in Fighting
 20694 | Orc:2    | XOM: cast spell 'Call Canine Familiar'
 20701 | Orc:2    | XOM: enchant monster (good)
 20710 | Orc:2    | XOM: harmless Fire miscast
 20767 | Orc:2    | XOM: potion effect (brilliance)
 20857 | Orc:1    | XOM: fake destruction
 20904 | Orc:2    | XOM: cast spell 'Summon Small Mammal'
 20910 | Orc:1    | Reached XP level 14. HP: 43/111 MP: 8/20
 21015 | Orc:2    | XOM: confuse monster(s)
 21032 | Orc:1    | XOM: mild Necr miscast
 21130 | Orc:2    | XOM: confuse monster(s)
 21158 | Orc:2    | XOM: harmless Tloc miscast
 21180 | Orc:2    | XOM: potion effect (invisibility)
 21441 | Orc:2    | XOM: summons 3 friendly demons
 21450 | Orc:2    | XOM: scenery: create altars
 21460 | Orc:2    | XOM: potion effect (agility)
 21462 | Orc:2    | XOM: summons 8 friendly demons
 21798 | Orc:2    | Found Wiupp's Food Shoppe.
 21798 | Orc:2    | Found Imninoil's Gadget Shop.
 21799 | Orc:2    | Found Biboom's Armour Shop.
 21799 | Orc:2    | Found Sosmul's Magic Scroll Emporium.
 21868 | Orc:2    | XOM: god gift: runed robe {god gift}
 22170 | D:5      | Bought a +3 ring of protection for 294 gold pieces
 22426 | D:12     | XOM: confuse monster(s)
 22460 | D:12     | XOM: medium Erth miscast
 22578 | D:12     | XOM: noise
 22694 | D:12     | XOM: mild Necr miscast
 22723 | D:12     | Noticed Josephine
 22741 | D:12     | Killed Josephine
 23079 | D:12     | XOM: fog
 23147 | D:11     | Killed Erica
 23641 | D:12     | XOM: cleaving
 23786 | D:12     | XOM: cloud trail
 23838 | D:12     | XOM: medium Erth miscast
 24262 | D:12     | XOM: summons 7 hostile demons
 24622 | D:13     | XOM: noise
 24626 | D:13     | Noticed Kirke
 24694 | D:13     | XOM: summons 7 friendly demons
 24711 | D:12     | XOM: medium Erth miscast
 24713 | D:12     | Killed Kirke
 24732 | D:12     | XOM: polymorph human -> warg
 24943 | D:13     | XOM is BORED!
 24943 | D:13     | XOM: stat loss: -3 Str (16/19)
 24972 | D:13     | XOM: 1-stop teleportation journey
 25215 | D:13     | XOM: harmless Pois miscast
 25219 | D:13     | XOM: confuse monster(s)
 25313 | D:13     | XOM: scenery: create altars
 25383 | D:13     | XOM: 1-stop teleportation journey
 25390 | D:13     | XOM: confuse monster(s)
 25499 | D:13     | XOM: 2-stop teleportation journey
 25961 | D:13     | XOM: scenery: create altars
 26082 | D:13     | XOM: mild Fire miscast
 26143 | D:13     | XOM: harmless Ice miscast
 26310 | D:13     | XOM: noise
 26370 | D:14     | Found a gate to the Vaults.
 26376 | D:13     | XOM: enchant monster (good)
 26380 | D:13     | XOM: swap monsters
 26657 | D:13     | XOM: medium Air miscast
 26722 | D:13     | XOM: scenery: 1 doors close
 26866 | D:13     | XOM: confuse monster(s)
 26966 | D:14     | XOM: 1-stop teleportation journey
 27031 | D:14     | XOM: confuse monster(s)
 27032 | D:14     | XOM: summons 4 friendly demons
 27048 | D:14     | Reached XP level 15. HP: 100/127 MP: 19/21
 27071 | D:14     | XOM: chaos upgrade
 27090 | D:14     | Reached skill level 15 in Fighting
 27107 | D:14     | XOM: enchant monster (good)
 27688 | D:14     | XOM: 3-stop teleportation journey
 27730 | D:14     | Found Yjiesut's General Store.
 27916 | D:14     | XOM: divination: magic mapping
 27943 | D:14     | XOM: cast spell 'Summon Ice Beast'
 27952 | D:14     | XOM: enchant monster (good)
 28319 | D:14     | XOM: god gift: 26 gold pieces {god gift}
 28333 | D:15     | Entered Level 15 of the Dungeon
 28467 | D:15     | XOM: harmless Tmut miscast
 28615 | D:15     | XOM: potion effect (curing)
 28660 | D:15     | Reached skill level 10 in Armour
 28922 | D:15     | XOM: mild Erth miscast
 29284 | D:15     | Noticed a fire giant
 29299 | D:15     | Killed a fire giant
 29605 | D:15     | Found a staircase to the Depths.
 30304 | Lair:2   | XOM: mild Tmut miscast
 30318 | Swamp:1  | Entered Level 1 of the Swamp
 30402 | Swamp:1  | XOM: mild Hex miscast
 31026 | Swamp:1  | XOM: divination: detect items
 31044 | Swamp:2  | XOM: confusion
 31458 | Swamp:2  | XOM: harmless Necr miscast
 31463 | Swamp:2  | XOM: 2-stop teleportation journey
 31913 | Swamp:2  | Noticed a thorn hunter
 31913 | Swamp:2  | XOM: fog
 31923 | Swamp:2  | XOM: cleaving
 31924 | Swamp:2  | XOM: confuse monster(s)
 31929 | Swamp:2  | Killed a thorn hunter
 32069 | Swamp:2  | XOM: polymorph alligator -> spark wasp
 32116 | Swamp:2  | XOM: 3-stop teleportation journey
 32157 | Swamp:2  | XOM: harmless Necr miscast
 32545 | Swamp:2  | XOM is BORED!
 32545 | Swamp:2  | XOM: mild Hex miscast
 33132 | Swamp:3  | XOM: 2-stop teleportation journey
 33141 | Swamp:3  | XOM: blink monster(s)
 33144 | Swamp:4  | Entered Level 4 of the Swamp
 33191 | Swamp:4  | XOM: swap monsters
 33330 | Swamp:4  | XOM: 1-stop teleportation journey
 33404 | Swamp:4  | XOM: scenery: create altars
 33664 | Swamp:3  | XOM: blink monster(s)
 33674 | Swamp:3  | XOM: mild Fire miscast
 33698 | Swamp:4  | XOM: enchant monster (good)
 33780 | Swamp:3  | XOM: cast spell 'Monstrous Menagerie'
 33996 | Swamp:3  | XOM: mild Necr miscast
 34004 | Swamp:4  | Reached XP level 16. HP: 77/136 MP: 13/22
 34249 | Swamp:4  | XOM: summons 8 hostile demons
 34620 | Swamp:3  | XOM: polymorph hornet -> crocodile
 34804 | Swamp:3  | XOM: confusion
 35129 | Swamp:3  | XOM: harmless Tloc miscast
 36168 | Swamp:4  | Noticed a thorn hunter
 36178 | Swamp:4  | XOM: potion effect (invisibility)
 36188 | Swamp:4  | Killed a thorn hunter
 36206 | Swamp:3  | XOM: cloud trail
 36261 | Swamp:3  | XOM: god gift: 8 arrows {god gift}
 36420 | Swamp:3  | XOM: scenery: create altars
 36561 | Swamp:4  | XOM: scenery: create altars
 36693 | Swamp:4  | XOM: mild Tloc miscast
 36723 | Swamp:4  | XOM: 4-stop teleportation journey
 36977 | Swamp:4  | XOM: summons friendly ufetubus
 37210 | Swamp:4  | Reached skill level 10 in Evocations
 37281 | Swamp:4  | XOM: polymorph swamp dragon -> mana viper
 37363 | Swamp:4  | Noticed a thorn hunter
 37383 | Swamp:4  | Killed a thorn hunter
 37518 | Swamp:4  | XOM: cast spell 'Cause Fear'
 37529 | Swamp:4  | XOM: 1-stop teleportation journey
 37691 | Swamp:4  | Noticed a thorn hunter
 37695 | Swamp:4  | XOM: enchant monster (bad)
 37999 | Swamp:4  | XOM: potion effect (invisibility)
 38011 | Swamp:4  | Killed a thorn hunter
 38398 | Swamp:4  | XOM: cleaving
 38500 | Swamp:4  | XOM: god gift: +3 Elemental Staff {god gift, rElec rF++ rC++ MR++ AC+5}
 38501 | Swamp:4  | Found the +3 Elemental Staff {god gift, rElec rF++ rC++ MR++ AC+5}
 38667 | Swamp:4  | XOM: confuse monster(s)
 38702 | Swamp:4  | Noticed a thorn hunter
 38708 | Swamp:4  | XOM: summons friendly shadow imp
 38717 | Swamp:4  | XOM: cast spell 'Dispersal'
 38724 | Swamp:4  | XOM: noise
 38725 | Swamp:4  | XOM: harmless Hex miscast
 38731 | Swamp:4  | Killed a thorn hunter
 39030 | Swamp:4  | Got a decaying rune of Zot
 39033 | Swamp:4  | Identified a scroll of acquirement
 39415 | Vaults:1 | Entered Level 1 of the Vaults
 39441 | Vaults:1 | XOM: 3-stop teleportation journey
 39462 | Vaults:1 | XOM: summons 3 friendly demons
 39712 | Vaults:1 | Noticed Nikola
 39723 | Vaults:1 | XOM: scenery: 1 doors open
 39727 | Vaults:2 | XOM: stealth player
 39795 | Vaults:2 | XOM: 3-stop teleportation journey
 39843 | Vaults:2 | XOM: god gift: gnarled runed staff {god gift}
 40021 | Vaults:2 | XOM: scenery: 1 doors close
 40036 | Vaults:2 | XOM: enchant monster (bad)
 40065 | Vaults:2 | XOM: summons friendly iron imp
 40148 | Vaults:2 | XOM: divination: magic mapping
 40152 | Vaults:2 | XOM: fog
 40319 | Vaults:2 | XOM: divination: magic mapping
 40325 | Vaults:2 | Reached XP level 17. HP: 82/142 MP: 25/25
 40641 | Vaults:2 | XOM: polymorph ironheart preserver -> queen ant
 40649 | Vaults:2 | XOM: cleaving
 40650 | Vaults:2 | XOM: fog
 40955 | Vaults:2 | XOM: destruction
 41020 | Vaults:2 | XOM: swap monsters
 41081 | Vaults:2 | XOM: cloud trail
 41167 | Vaults:2 | XOM: 1-stop teleportation journey
 41260 | Vaults:2 | XOM: god gift: 55 gold pieces {god gift}
 41466 | Vaults:2 | XOM: summons 4 friendly demons
 41523 | Vaults:2 | XOM: divination: detect items
 41538 | Vaults:2 | XOM: polymorph cyan ugly thing -> fire dragon
 41565 | Vaults:2 | XOM: summons 7 friendly demons
 42048 | Vaults:2 | XOM: scenery: 3 doors close
 42093 | Vaults:2 | XOM: confuse monster(s)
 42127 | Vaults:2 | XOM: cast spell 'Disjunction'
 42144 | Vaults:2 | XOM: summons friendly crimson imp
 42173 | Vaults:2 | Reached skill level 15 in Armour
 42186 | Vaults:2 | Reached skill level 1 in Staves
 43289 | Vaults:3 | Noticed zero's ghost (adept SpEn)
 43298 | Vaults:3 | XOM: summons friendly crimson imp
 43304 | Vaults:3 | XOM: cleaving
 43305 | Vaults:3 | XOM: enchant monster (good)
 43347 | Vaults:3 | XOM: noise
 43350 | Vaults:3 | XOM: divination: detect items
 43441 | Vaults:3 | Killed zero's ghost
 43516 | Vaults:3 | Found a magical portal.
 43544 | WizLab   | Entered Cigotuvi's Fleshworks
 43598 | WizLab   | XOM: summons friendly crimson imp
 43784 | WizLab   | XOM: confuse monster(s)
 43803 | WizLab   | XOM: smoke on damage
 43818 | WizLab   | XOM: smoke on damage
 43835 | WizLab   | XOM: severe Fire miscast
 43949 | WizLab   | XOM: harmless Hex miscast
 44087 | WizLab   | XOM: summons 8 hostile demons
 44258 | WizLab   | Reached skill level 5 in Staves
 44282 | WizLab   | XOM: harmless Ice miscast
 44545 | WizLab   | Noticed Cigotuvi's Monster
 44559 | WizLab   | Killed Cigotuvi's Monster
 44691 | WizLab   | Identified the Incunabulum of Transmutation
 44693 | WizLab   | Identified Cigotuvi's Incunabulum of Doomed Transmutation
 45294 | WizLab   | Paralysed by a floating eye for 3 turns
 45327 | WizLab   | Found the -2 hat of the Alchemist {rElec rPois rF+ rC+ rN+ MR+ rMut rCorr}
 45931 | Vaults:3 | XOM: summons friendly crimson imp
 45934 | Vaults:3 | Noticed Xtahua
 45939 | Vaults:3 | XOM: summons friendly crimson imp
 45945 | Vaults:3 | XOM: divination: detect items
 45962 | Vaults:3 | Killed Xtahua
 45962 | Vaults:3 | Reached XP level 18. HP: 94/149 MP: 18/27
 45963 | Vaults:3 | Reached skill level 1 in Dodging
 46256 | Vaults:3 | XOM: divination: detect creatures
 46279 | Vaults:3 | XOM: potion effect (invisibility)
 46280 | Vaults:3 | XOM: smoke on damage
 46432 | Vaults:3 | XOM: enchant monster (good)
 46461 | Vaults:3 | Learned a level 2 spell: Swiftness
 46534 | Vaults:3 | Found an ancient bone altar of Kikubaaqudgha.
 46764 | Vaults:3 | XOM: swap monsters
 46784 | Vaults:3 | XOM: medium Summ miscast
 46964 | Vaults:3 | XOM: confusion (+ monsters)
 46965 | Vaults:3 | XOM: noise
 46979 | Vaults:3 | XOM: scenery: 1 doors close
 46983 | Vaults:3 | Reached skill level 5 in Dodging
 47196 | Vaults:3 | XOM: severe Hex miscast
 47200 | Vaults:3 | XOM: medium Ice miscast
 47322 | Vaults:3 | XOM: harmless Air miscast
 47436 | Vaults:3 | XOM: summons 10 friendly demons
 47442 | Vaults:3 | XOM: polymorph quasit -> white imp
 47455 | Vaults:3 | Found a staircase to the Crypt.
 47455 | Vaults:3 | Noticed a lich
 47476 | Vaults:3 | Killed a lich
 47771 | Vaults:3 | XOM: harmless Summ miscast
 47928 | Vaults:4 | XOM: polymorph stone giant -> iron dragon
 47929 | Vaults:4 | shit
 48120 | Vaults:4 | XOM: noise
 48290 | Vaults:4 | XOM: smoke on damage
 48320 | Vaults:4 | XOM: 1-stop teleportation journey
 48324 | Vaults:4 | XOM: smoke on damage
 48332 | Vaults:4 | XOM: summons friendly white imp
 48336 | Vaults:4 | XOM: summons 6 friendly demons
 48358 | Vaults:4 | XOM: swap monsters
 48359 | Vaults:4 | FU xom
 48364 | Vaults:4 | XOM: divination: magic mapping
 48425 | Vaults:4 | XOM: potion effect (brilliance)
 48575 | Vaults:4 | XOM: god gift: glowing chain mail {god gift}
 48851 | Vaults:4 | Noticed Frederick
 48862 | Vaults:4 | Killed Frederick
 48934 | Vaults:4 | XOM: god gift: 41 gold pieces {god gift}
 49003 | Vaults:4 | really
 49045 | Vaults:4 | XOM: polymorph ironbrand convoker -> mana viper
 49192 | Vaults:4 | XOM: divination: magic mapping
 49384 | Vaults:4 | XOM: divination: detect creatures
 49390 | Vaults:4 | XOM: harmless Hex miscast
 49479 | Vaults:4 | XOM: cast spell 'Summon Small Mammal'
 49501 | Vaults:4 | ok, that wasn't as scary as i expected it to be
 49816 | Vaults:4 | Found a portal to a secret trove of treasure.
 49912 | Vaults:4 | XOM: harmless Erth miscast
 50078 | Vaults:2 | Reached skill level 10 in Dodging
 50127 | Vaults:2 | XOM is BORED!
 50127 | Vaults:2 | XOM: silly message
 50330 | Vaults:1 | XOM: harmless Chrm miscast
 50423 | Vaults:1 | Reached skill level 1 in Spellcasting
 50520 | Vaults:1 | Reached skill level 1 in Charms
 50560 | Vaults:1 | Reached XP level 19. HP: 140/155 MP: 24/28
 50651 | Vaults:1 | Killed Nikola
 50742 | Vaults:1 | XOM: cast spell 'Olgreb's Toxic Radiance'
 50758 | Vaults:1 | XOM: 4-stop teleportation journey
 50951 | Vaults:1 | XOM is BORED!
 50951 | Vaults:1 | XOM: swap monsters
 51060 | Vaults:1 | XOM: fake destruction
 51672 | Vaults:1 | XOM: 1-stop teleportation journey
 51690 | Vaults:1 | XOM: cloud trail
 51928 | Vaults:1 | XOM: cloud trail
 52191 | Vaults:1 | XOM: potion effect (brilliance)
 52345 | Vaults:1 | XOM: divination: magic mapping
 52524 | D:14     | Bought the amulet of Xom's Ringing Laughter {Gourm rPois MR+ Str+4 Int+5} for 1051 gold pieces
 52558 | Vaults:1 | XOM: scenery: 1 doors close
 52706 | Vaults:4 | XOM: noise
 52748 | Vaults:4 | You paid a toll of amulet of Xom's Ringing Laughter to enter a treasure trove
 52749 | Trove    | Entered a treasure trove
 52769 | Trove    | Got a bound bone ring
 52770 | Trove    | Identified the Handbook of Lucky Heat
 52773 | Trove    | Got a wavering ivory ring
 52775 | Trove    | Got a glittering wooden ring
 52782 | Trove    | Identified the ring "Zuxzerib" {+Blink rC+ Str-2 Int+3 Dex+3} (You found it in a treasure trove)
 52783 | Trove    | Identified the ring "Bucierph" {+Inv rPois rF+ Str+9 Dex-3} (You found it in a treasure trove)
 52784 | Trove    | Identified the ring "Ytog" {rCorr Str-3 Dex+4} (You found it in a treasure trove)
 52791 | Trove    | come on
 52807 | Trove    | you must be joking
 52807 | Trove    | only rP and prot as egos on everything?
 52825 | Trove    | XOM: cloud trail
 52975 | Vaults:2 | XOM: scenery: 3 doors close
 53122 | D:9      | Bought a scroll of enchant armour for 105 gold pieces
 53213 | D:6      | XOM: polymorph six-headed hydra -> queen ant
 53238 | D:6      | Bought a scroll of enchant armour for 90 gold pieces
 53365 | Orc:2    | XOM: god gift: 21 stones {god gift}
 53372 | Orc:2    | Bought a scroll of enchant weapon for 112 gold pieces
 53372 | Orc:2    | Bought a scroll of enchant weapon for 112 gold pieces
 53372 | Orc:2    | Bought a scroll of enchant weapon for 112 gold pieces
 53715 | D:8      | Killed Gastronok
 53715 | D:8      | Reached skill level 1 in Shields
 53990 | Lair:4   | XOM: scenery: create altars
 54288 | Lair:5   | XOM: summons friendly quasit
 54297 | Lair:6   | XOM: polymorph death yak -> storm dragon
 54343 | Lair:5   | XOM: scenery: create altars
 54393 | Lair:5   | XOM: summons friendly ufetubus
 54402 | Lair:5   | XOM: polymorph death yak -> queen ant
 54411 | Lair:5   | XOM: divination: detect creatures
 54436 | Lair:5   | XOM is BORED!
 54436 | Lair:5   | XOM: summons 8 hostile demons
 54579 | Lair:6   | XOM: divine lightning
 54580 | Lair:6   | XOM: scenery: create altars
 54581 | Lair:6   | XOM: smoke on damage
 54737 | Lair:6   | XOM: swap monsters
 54744 | Lair:6   | XOM: scenery: create altars
 54746 | Lair:6   | XOM: mild Hex miscast
 55014 | Lair:6   | Found a runed door.
 55014 | Lair:6   | Found a viscous altar of Jiyva.
 55014 | Lair:6   | Found a staircase to the Slime Pits.
 55127 | Lair:6   | XOM: potion effect (invisibility)
 55252 | Lair:6   | XOM: divination: detect items
 55575 | Lair:6   | XOM: potion effect (might)
 55604 | Lair:6   | Reached skill level 15 in Maces & Flails
 56047 | Lair:2   | XOM: harmless Tmut miscast
 56329 | Vaults:4 | XOM: noise
 56471 | Crypt:1  | Entered Level 1 of the Crypt
 56488 | Crypt:1  | Noticed Boris
 56489 | Crypt:1  | XOM: potion effect (brilliance)
 56714 | Crypt:1  | Killed Boris
 57022 | Crypt:1  | XOM: 1-stop teleportation journey
 57049 | Crypt:1  | Paralysed by a vampire knight for 7 turns
 57374 | Crypt:1  | XOM: chaos cloud
 57395 | Crypt:1  | XOM: mild Hex miscast
 57401 | Crypt:1  | Cast into level 4 of the Abyss (you)
 57520 | Abyss:4  | XOM: fog
 57616 | Abyss:4  | XOM: summons 9 friendly demons
 57633 | Abyss:4  | XOM: confusion
 57677 | Abyss:4  | XOM: blink monster(s)
 57806 | Abyss:4  | XOM: confuse monster(s)
 57850 | Abyss:4  | XOM: summons 2 friendly demons
 57865 | Abyss:4  | Found a corrupted altar of Lugonu.
 57872 | Abyss:4  | Noticed a bone dragon
 57929 | Crypt:1  | Escaped the Abyss
 57961 | Crypt:1  | Reached skill level 5 in Shields
 58207 | Crypt:1  | XOM: 2-stop teleportation journey
 58296 | Crypt:1  | XOM: summons friendly shadow imp
 58401 | Crypt:1  | Noticed Bai Suzhen
 58401 | Crypt:1  | XOM: summons friendly shadow imp
 58410 | Crypt:1  | XOM: enchant monster (good)
 58413 | Crypt:1  | XOM: summons 3 friendly demons
 58418 | Crypt:1  | Killed Bai Suzhen
 58425 | Crypt:1  | XOM: mild Summ miscast
 58570 | Crypt:1  | XOM: confuse monster(s)
 58639 | Crypt:1  | XOM: harmless Tloc miscast
 58653 | Crypt:1  | XOM: cast spell 'Summon Butterflies'
 58656 | Crypt:1  | Reached XP level 20. HP: 100/163 MP: 29/29
 58659 | Crypt:1  | Noticed Saint Roka
 58663 | Crypt:1  | XOM: divination: detect creatures
 58697 | Crypt:2  | XOM: divination: magic mapping
 58930 | Crypt:1  | XOM: potion effect (brilliance)
 58936 | Crypt:1  | XOM: potion effect (might)
 58947 | Crypt:1  | Killed Saint Roka
 59063 | Crypt:1  | XOM: silly message
 59337 | Crypt:1  | XOM: harmless Necr miscast
 59596 | Crypt:2  | XOM: silly message
 59608 | Crypt:2  | XOM: harmless Ice miscast
 59611 | Crypt:1  | XOM: harmless Ice miscast
 60029 | Crypt:2  | XOM: divination: detect creatures
 60036 | Crypt:2  | XOM: confuse monster(s)
 60040 | Crypt:2  | XOM: enchant monster (good)
 60048 | Crypt:2  | XOM: enchant monster (bad)
 60052 | Crypt:2  | XOM: medium Tloc miscast
 60053 | Crypt:2  | XOM: enchant monster (bad)
 60058 | Crypt:2  | XOM: confuse monster(s)
 60167 | Crypt:2  | Noticed Jorgrun
 60178 | Crypt:2  | Killed Jorgrun
 60208 | Crypt:2  | Noticed Boris
 60261 | Crypt:2  | XOM: god gift: embroidered scarf {god gift}
 60309 | Crypt:2  | XOM: scenery: 1 doors open, 1 doors close
 60327 | Crypt:2  | XOM: cleaving
 60330 | Crypt:2  | Killed Boris
 60584 | Crypt:2  | Noticed a bone dragon
 60585 | Crypt:2  | Found a basalt altar of Yredelemnul.
 60588 | Crypt:2  | XOM: scenery: 1 doors close
 60643 | Crypt:2  | XOM: swap monsters
 60645 | Crypt:2  | XOM: confusion (+ monsters)
 60648 | Crypt:2  | XOM: divination: detect items
 60650 | Crypt:2  | XOM: noise
 60661 | Crypt:2  | XOM: divine lightning
 60807 | Crypt:2  | XOM: scenery: 2 doors close
 60927 | Crypt:2  | XOM: fog
 60932 | Crypt:2  | XOM: smoke on damage
 61047 | Crypt:2  | XOM: scenery: 3 doors close
 61146 | Crypt:2  | XOM: cleaving
 61154 | Crypt:2  | Killed a bone dragon
 61471 | Crypt:2  | XOM: cloud trail
 61531 | Crypt:2  | XOM: fog
 61540 | Crypt:2  | XOM: cast spell 'Call Canine Familiar'
 61549 | Crypt:2  | XOM: fake destruction
 61554 | Crypt:2  | Reached skill level 10 in Shields
 61556 | Crypt:2  | XOM: cleaving
 61587 | Crypt:2  | XOM: summons friendly iron imp
 61679 | Crypt:2  | XOM: scenery: 1 fountains blood, 1 doors close
 61682 | Crypt:2  | Found an ancient bone altar of Kikubaaqudgha.
 61736 | Crypt:2  | XOM: cloud trail
 61785 | Crypt:3  | Entered Level 3 of the Crypt
 61820 | Crypt:3  | XOM: summons friendly iron imp
 61892 | Crypt:3  | XOM: 6-stop teleportation journey
 62213 | Crypt:2  | XOM: god gift: twisted glowing staff {god gift}
 62304 | Crypt:2  | XOM: divine lightning
 62444 | Crypt:2  | XOM: chaos upgrade
 62445 | Crypt:2  | Paralysed by a skeletal warrior for 3 turns
 62458 | Crypt:2  | XOM: mild Chrm miscast
 62623 | Crypt:2  | XOM: cleaving
 62667 | Crypt:3  | XOM: smoke on damage
 62681 | Crypt:3  | XOM: 2-stop teleportation journey
 62813 | Crypt:3  | XOM: fog
 62834 | Crypt:3  | XOM: fog
 62963 | Crypt:3  | XOM: cast spell 'Summon Butterflies'
 62973 | Crypt:3  | XOM: 1-stop teleportation journey
 63006 | Crypt:3  | Found an ancient bone altar of Kikubaaqudgha.
 63006 | Crypt:3  | XOM: 4-stop teleportation journey
 63007 | Crypt:3  | Noticed an ancient lich
 63013 | Crypt:3  | XOM: mild Summ miscast
 63019 | Crypt:3  | Killed an ancient lich
 63198 | Crypt:3  | XOM: summons 2 hostile demons
 63199 | Crypt:3  | XOM: blink monster(s)
 63210 | Crypt:3  | XOM: noise
 63390 | Crypt:3  | XOM: enchant monster (bad)
 63395 | Crypt:3  | XOM: confusion (+ monsters)
 63398 | Crypt:3  | XOM: enchant monster (good)
 63436 | Crypt:3  | XOM: fog
 63466 | Crypt:3  | XOM: potion effect (might)
 63478 | Crypt:3  | Noticed a bone dragon
 63497 | Crypt:3  | XOM: potion effect (invisibility)
 63504 | Crypt:3  | XOM: potion effect (invisibility)
 63517 | Crypt:3  | XOM: potion effect (magic)
 63520 | Crypt:3  | Killed a bone dragon
 63627 | Crypt:3  | Found a staircase to the Tomb.
 63646 | Crypt:3  | Identified the Almanac of Stolen Souls
 63713 | Crypt:3  | Got a twitching tin ring
 63713 | Crypt:3  | Got a glittering tin ring
 63713 | Crypt:3  | Got a shimmering golden ring
 63715 | Crypt:3  | Identified the ring of Zuimnaor {+Inv rElec rF+ rN+ MR+} (You found it on level 3 of the Crypt)
 63718 | Crypt:3  | Identified the ring of Wu Jian's Approval {rN+ Int+3} (You found it on level 3 of the Crypt)
 63721 | Crypt:3  | Identified the ring "Quutosh" {rN+ Dex+4} (You found it on level 3 of the Crypt)
 63761 | Crypt:3  | XOM: harmless Summ miscast
 63763 | Crypt:3  | XOM: potion effect (haste)
 63765 | Crypt:3  | XOM: divination: detect items
 63789 | Crypt:3  | XOM: potion effect (brilliance)
 63803 | Crypt:3  | XOM: potion effect (might)
 63809 | Crypt:3  | XOM: silly message
 63872 | Crypt:3  | XOM: potion effect (brilliance)
 63885 | Crypt:3  | Reached XP level 21. HP: 93/169 MP: 25/30
 64012 | Crypt:3  | XOM: harmless Chrm miscast
 64521 | Vaults:3 | XOM: cloud trail
 64736 | Lair:4   | XOM: summons 10 hostile demons
 64799 | Snake:1  | Entered Level 1 of the Snake Pit
 65014 | Snake:1  | XOM: swap monsters
 65028 | Snake:1  | XOM: swap monsters
 65180 | Snake:1  | XOM: mild Hex miscast
 65181 | Snake:1  | XOM: confusion (+ monsters)
 65544 | Snake:1  | XOM: 1-stop teleportation journey
 65614 | Snake:1  | Identified the Grimoire of Attacks and Displacement
 65623 | Snake:1  | Learned a level 1 spell: Apportation
 65631 | Snake:1  | Identified Sif Muna's Incunabulum of Destructive Evil Secrets
 66129 | Snake:1  | XOM: noise
 66486 | Snake:2  | XOM: harmless Pois miscast
 66499 | Snake:2  | XOM: 3-stop teleportation journey
 66558 | Snake:2  | Noticed Agnes
 66565 | Snake:2  | Killed Agnes
 66636 | Snake:2  | Noticed Aizul
 66649 | Snake:2  | Killed Aizul
 67009 | Snake:3  | XOM: enchant monster (good)
 67020 | Snake:3  | XOM: 5-stop teleportation journey
 67026 | Snake:3  | XOM: harmless Air miscast
 67028 | Snake:3  | XOM: potion effect (curing)
 67034 | Snake:3  | XOM: confusion (+ monsters)
 67422 | Snake:3  | XOM: chaos cloud
 67927 | Snake:3  | XOM: severe Erth miscast
 68092 | Snake:4  | Entered Level 4 of the Snake Pit
 68092 | Snake:4  | XOM is BORED!
 68092 | Snake:4  | XOM: chaos upgrade
 68102 | Snake:4  | XOM: polymorph naga -> human
 68115 | Snake:4  | XOM: polymorph human -> shapeshifter
 68127 | Snake:4  | XOM: polymorph naga -> warg
 68147 | Snake:4  | XOM: severe Tloc miscast
 68157 | Snake:3  | XOM: chaos upgrade
 68357 | Snake:3  | XOM: medium Tloc miscast
 68466 | Snake:4  | XOM: confusion
 68467 | Snake:4  | XOM: confusion (+ monsters)
 68476 | Snake:4  | XOM: noise
 68632 | Snake:4  | XOM: swap monsters
 68644 | Snake:4  | XOM: summons friendly iron imp
 68659 | Snake:4  | XOM: confuse monster(s)
 68667 | Snake:4  | XOM: potion effect (agility)
 68709 | Snake:4  | XOM: destruction
 68717 | Snake:4  | XOM: scenery: create altars
 68804 | Snake:4  | Reached skill level 15 in Shields
 68830 | Snake:4  | XOM: divination: magic mapping
 68905 | Snake:4  | Got a serpentine rune of Zot
 68944 | Snake:4  | XOM: noise
 68977 | Snake:4  | XOM: summons 1 hostile shadow creature
 69344 | Snake:4  | XOM: swap monsters
 69882 | Elf:1    | Entered Level 1 of the Elven Halls
 70049 | Elf:1    | Found Zaobes's Weapon Shoppe.
 70072 | Elf:1    | XOM: summons friendly white imp
 70114 | Elf:1    | XOM: enchant monster (good)
 70161 | Elf:1    | XOM: polymorph deep elf mage -> redback
 70816 | Elf:1    | XOM: scenery: 1 doors close
 70989 | Elf:1    | Reached XP level 22. HP: 175/176 MP: 31/31
 71292 | Elf:2    | XOM: confuse monster(s)
 71553 | Elf:2    | XOM: blink monster(s)
 71560 | Elf:2    | XOM: harmless Ice miscast
 71573 | Elf:2    | Noticed Donald
 71631 | Elf:1    | XOM: scenery: 1 doors close
 71888 | Elf:2    | XOM: medium Conj miscast
 72069 | Elf:2    | XOM: fake destruction
 72073 | Elf:2    | Killed Donald
 72177 | Elf:2    | Found Laolam's Magic Scroll Shop.
 72251 | Elf:2    | XOM: scenery: 1 doors close
 72360 | Elf:2    | XOM: cloud trail
 72373 | Elf:2    | Found a runed gate.
 72375 | Elf:2    | Found a runed gate.
 72378 | Elf:2    | Found a runed gate.
 72424 | Elf:3    | Entered Level 3 of the Elven Halls
 72442 | Elf:3    | Found a radiant altar of Vehumet.
 72471 | Elf:3    | Noticed Mara
 72504 | Elf:3    | XOM: cast spell 'Summon Dragon'
 72523 | Elf:3    | Killed Mara
 72604 | Elf:3    | XOM: cast spell 'Metabolic Englaciation'
 72649 | Elf:3    | Noticed Asterion
 72685 | Elf:3    | Killed Asterion
 72818 | Elf:3    | XOM: summons 8 friendly demons
 72854 | Elf:3    | XOM: polymorph quasit -> crimson imp
 72998 | Elf:3    | XOM: divination: detect items
 73015 | Elf:3    | XOM: cast spell 'Summon Ice Beast'
 73307 | Elf:3    | XOM: divination: detect creatures
 73332 | Elf:3    | XOM: divination: detect items
 73692 | Elf:3    | XOM: harmless Chrm miscast
 73818 | Elf:3    | XOM: enchant monster (good)
 73880 | Elf:3    | XOM: summons friendly shadow imp
 73911 | Elf:3    | XOM: cast spell 'Summon Horrible Things'
 74020 | Elf:3    | XOM: destruction
 74117 | Elf:3    | XOM: summons 2 friendly demons
 74229 | Elf:3    | XOM: scenery: 1 doors open, 1 doors close
 74479 | Elf:3    | Found the +7 captain's cutlass {speed, disarm}
 74579 | Elf:3    | Identified Laufinod's Catalogue of Necromancy and Weightlessness
 74585 | Elf:3    | Got transparent ice dragon scales
 74596 | Elf:3    | Identified the +3 ice dragon scales of the Villain {rF- rC++ rN+ Str+4} (You found it on level 3 of the Elven Halls)
 74613 | Elf:3    | Got a translucent plate armour
 74614 | Elf:3    | Identified the +4 plate armour of Xom's Condemnation {rC++ Str-5 Slay+2} (You found it on level 3 of the Elven Halls)
 74648 | Elf:3    | Got a wavering bone amulet
 74649 | Elf:3    | Identified the amulet of Moodiness {Gourm Str+4} (You found it on level 3 of the Elven Halls)
 74910 | Depths:1 | Entered Level 1 of the Depths
 74928 | Depths:1 | Found a runed door.
 75022 | Depths:1 | Noticed a golden dragon
 75023 | Depths:1 | Found the +18 shield of the Gong {rElec rN+ MR+ EV-5}
 75023 | Depths:1 | XOM: smoke on damage
 75052 | Depths:1 | Killed a golden dragon
 75070 | Depths:1 | XOM: summons friendly iron imp
 75579 | Depths:1 | XOM: polymorph ogre mage -> water nymph
 75602 | Depths:1 | XOM: potion effect (haste)
 75605 | Depths:1 | XOM: confuse monster(s)
 75610 | Depths:1 | XOM: polymorph two-headed ogre -> moth of wrath
 75623 | Depths:1 | XOM: 1-stop teleportation journey
 75667 | Depths:1 | XOM: confuse monster(s)
 75708 | Depths:1 | XOM: polymorph deep troll -> torpor snail
 75750 | Depths:1 | XOM: 7-stop teleportation journey
 75805 | Depths:1 | XOM: 7-stop teleportation journey
 75915 | Depths:1 | XOM: fog
 75925 | Depths:1 | XOM: polymorph red ugly thing -> wolf spider
 75935 | Depths:1 | XOM: scenery: create altars
 75970 | Depths:1 | Reached XP level 23. HP: 170/182 MP: 32/32
 76071 | Depths:1 | Got a pitted plate armour
 76073 | Depths:1 | Identified the +4 plate armour of Disappointment {Int+4} (You found it on level 1 of the Depths)
 76114 | Depths:1 | XOM: noise
 76302 | Depths:1 | Found a gateway to Hell.
 76422 | Depths:1 | Found a one-way gate to the infinite horrors of the Abyss.
 76704 | Depths:1 | XOM: divination: magic mapping
 76734 | Depths:1 | XOM: medium Necr miscast
 76864 | Depths:2 | XOM: summons friendly iron imp
 76868 | Depths:2 | XOM: god gift: leather armour {god gift}
 76950 | Depths:2 | XOM: enchant monster (good)
 76953 | Depths:2 | XOM: scenery: create altars
 76972 | Depths:2 | XOM: confuse monster(s)
 77054 | Depths:2 | XOM: scenery: 1 doors close
 77079 | Depths:2 | XOM: potion effect (agility)
 77081 | Depths:2 | XOM: potion effect (brilliance)
 77086 | Depths:2 | XOM: harmless Necr miscast
 77102 | Depths:2 | XOM: potion effect (might)
 77240 | Depths:2 | XOM: potion effect (brilliance)
 77319 | Depths:2 | XOM: fog
 77322 | Depths:2 | XOM: stat loss: -1 Str (23/24)
 77681 | Depths:3 | Found a gateway to a ziggurat.
 77701 | Depths:3 | XOM: enchant monster (good)
 77884 | Depths:3 | XOM: mild Chrm miscast
 77889 | Depths:3 | XOM: harmless Air miscast
 77912 | Depths:3 | XOM: polymorph cyan very ugly thing -> shadow dragon
 77915 | Depths:3 | XOM: chaos cloud
 77918 | Depths:3 | XOM: 8-stop teleportation journey
 77944 | Depths:3 | XOM: 1-stop teleportation journey
 77948 | Depths:3 | XOM: enchant monster (good)
 77985 | Depths:3 | XOM: god gift: wand of iceblast (13) {god gift}
 78017 | Depths:3 | Found Zutiowk's Antique Armour Boutique.
 78017 | Depths:3 | Found a stormy altar of Qazlal.
 78017 | Depths:3 | XOM: 3-stop teleportation journey
 78028 | Depths:3 | XOM: 1-stop teleportation journey
 78029 | Depths:3 | Noticed Boris
 78038 | Depths:3 | XOM: potion effect (might)
 78048 | Depths:3 | XOM: confuse monster(s)
 78160 | Depths:2 | XOM: cloud trail
 78162 | Depths:2 | XOM: harmless Hex miscast
 78298 | Depths:2 | XOM: medium Ice miscast
 78446 | Depths:3 | Bought a glowing cloak for 322 gold pieces
 78546 | Depths:3 | XOM: fake destruction
 78738 | Depths:3 | XOM: god gift: gnarled runed staff {god gift}
 78755 | Depths:3 | XOM: cast spell 'Call Canine Familiar'
 78961 | Depths:3 | Found a one-way gate leading to the halls of Pandemonium.
 79177 | Depths:3 | Killed Boris
 79210 | Depths:3 | XOM: divination: magic mapping
 79511 | Depths:3 | XOM: mild Air miscast
 79723 | Depths:4 | XOM: enchant monster (good)
 79737 | Depths:4 | XOM: divination: magic mapping
 79739 | Depths:4 | XOM: summons 3 friendly demons
 79869 | Depths:3 | XOM: cast spell 'Summon Small Mammal'
 79874 | Depths:3 | XOM: enchant monster (good)
 79916 | Depths:3 | XOM: noise
 79970 | Depths:4 | XOM: summons 2 friendly demons
 79993 | Depths:4 | XOM: cast spell 'Cause Fear'
 80014 | Depths:3 | Identified Qamyo's Handbook of Igneous Stolen Souls {god gift} (Xom gifted it to you on level 3 of the Depths)
 80014 | Depths:3 | XOM: god gift: Qamyo's Handbook of Igneous Stolen Souls {god gift}
 80114 | Depths:3 | Reached XP level 24. HP: 173/195 MP: 32/32
 80115 | Depths:3 | XOM: polymorph golden dragon -> iron giant
 80117 | Depths:3 | XOM: confuse monster(s)
 80185 | Depths:3 | XOM: scenery: create altars
 80197 | Depths:4 | XOM: smoke on damage
 80243 | Depths:3 | XOM: god gift: potion of heal wounds {god gift}
 80307 | Depths:4 | XOM: fake destruction
 80334 | Depths:3 | XOM: divination: detect creatures
 80475 | Depths:3 | XOM: scenery: create altars
 80480 | Depths:3 | XOM: summons friendly iron imp
 80664 | Depths:4 | XOM: enchant monster (good)
 80850 | Depths:4 | XOM: destruction
 80904 | Depths:4 | XOM: 1-stop teleportation journey
 80919 | Depths:4 | XOM: potion effect (haste)
 80933 | Depths:4 | XOM: fake destruction
 80935 | Depths:4 | XOM: god gift: glowing great mace {god gift}
 80995 | Depths:4 | XOM: cloud trail
 81221 | Depths:4 | XOM: summons 3 hostile shadow creatures
 81239 | Depths:4 | XOM: polymorph fire dragon -> ghost moth
 81480 | Depths:4 | Learned a level 3 spell: Lesser Beckoning
 81647 | Depths:4 | XOM: stat loss: -1 Str (24/25)
 81683 | Depths:4 | XOM: cloud trail
 81802 | Depths:5 | Entered Level 5 of the Depths
 81969 | Depths:5 | XOM: 1-stop teleportation journey
 82068 | Depths:4 | XOM: scenery: create altars
 82221 | Depths:5 | XOM: confuse monster(s)
 82402 | Depths:5 | XOM: divination: detect creatures
 82413 | Depths:5 | XOM: fog
 82475 | Depths:5 | XOM: 3-stop teleportation journey
 82598 | Depths:5 | XOM: noise
 82668 | Depths:5 | Found Efecirgh's Magic Scroll Boutique.
 82676 | Depths:5 | Bought a scroll of teleportation for 36 gold pieces
 82676 | Depths:5 | Bought a scroll of blinking for 90 gold pieces
 82764 | Depths:5 | XOM: noise
 82793 | Depths:5 | XOM: confuse monster(s)
 82897 | Depths:5 | XOM: scenery: 1 doors close
 83206 | Depths:5 | Noticed an ancient lich
 83207 | Depths:5 | Found a basalt altar of Yredelemnul.
 83221 | Depths:5 | Killed an ancient lich
 83502 | Depths:5 | Identified the Guide on Necromancy
 83639 | Depths:5 | XOM: silly message
 83665 | Depths:5 | XOM: enchant monster (good)
 83673 | Depths:5 | XOM: polymorph ice dragon -> fire dragon
 83675 | Depths:5 | XOM: blink monster(s)
 83830 | Depths:5 | XOM: scenery: create altars
 83832 | Depths:5 | Found a gate to the Realm of Zot.
 84186 | Vaults:5 | Entered Level 5 of the Vaults
 84188 | Vaults:5 | XOM: summons friendly crimson imp
 84192 | Vaults:4 | XOM: summons friendly ufetubus
 84276 | Vaults:4 | XOM: scenery: 2 doors close
 84285 | Vaults:4 | XOM: summons friendly shadow imp
 84290 | Vaults:4 | XOM: summons 3 friendly demons
 84300 | Vaults:4 | XOM: fog
 84370 | Vaults:4 | XOM: medium Tmut miscast
 84508 | Vaults:4 | XOM: scenery: 2 doors open
 84536 | Vaults:4 | XOM: cloud trail
 84541 | Vaults:5 | XOM: polymorph vault warden -> alligator snapping turtle
 84602 | Vaults:5 | Noticed Mennas
 84602 | Vaults:5 | XOM: divine lightning
 84606 | Vaults:5 | XOM: summons friendly quasit
 84615 | Vaults:5 | XOM: scenery: create altars
 84623 | Vaults:5 | XOM: enchant monster (good)
 84624 | Vaults:5 | XOM: polymorph tentacled monstrosity -> tentacled monstrosity
 84627 | Vaults:5 | XOM: mild Ice miscast
 84671 | Vaults:5 | XOM: swap monsters
 84718 | Vaults:5 | HP: 1/204 [yaktaur captain/bolt (12)]
 84748 | Vaults:5 | XOM: 1-stop teleportation journey
 84753 | Vaults:5 | XOM: noise
 84754 | Vaults:5 | XOM: enchant monster (good)
 84846 | Vaults:5 | XOM: 1-stop teleportation journey
 84847 | Vaults:5 | HP: 3/204 [titan/the air (31)]
 84850 | Vaults:5 | Killed from afar by a quicksilver dragon
